Unix NetHack Version 3.7.0-94 Work-in-progress - last build Dec 13 2023 01:40:03 (eb5afe49d650b6f5c6196fad733e3b2b9fb6c025,branch:master). Game began 2023-12-14 09:52:27, ended 2023-12-14 10:04:11. elenmirie, neutral female human Priestess --------- --- -.......------ ---..<| |..--.........|---.....| |..|---------.|....|..- |..| ----.....-|.- -..| |......... --..%- |....|.- |.....|.. |..----- |........ |...---.. |...|.... ------... --... --- ---.. ..... |---.-.... ....... . .....-- ...{... ------.--+- ....... |(((.|Y| ..... |((/.-@| --.. |((..|-- ------ Elenmirie the Acolyte St:10 Dx:14 Co:13 In:11 Wi:18 Ch:9 Neutral Dlvl:5 $:3975 HP:0(38) Pw:66(72) AC:7 Xp:5/184 T:1310 Latest messages: You see here 4 uncursed candles (for sale, 52 zorkmids). You hear an animal carcass being offered in sacrifice. You see here 6 uncursed candles (for sale, 216 zorkmids). (For instructions type a '?') Call a candle: wax You see here 4 uncursed candles (for sale, 52 zorkmids). (For instructions type a '?') Call a candle: tallow You see here an uncursed wand called light (for sale, 133 zorkmids). You swap places with Coco. You see here an uncursed dagger. You hit the gnome. You kill the gnome! You hit the yeti. The yeti hits! The yeti hits again! The yeti bites! You swap places with Coco. Coco picks up an uncursed dagger. Coco drops an uncursed dagger. What do you want to use or apply? [eghstxBE or ?*] w Sorry, I don't know how to use that. In what direction? Never mind. Coco picks up an uncursed dagger. Coco drops an uncursed dagger. You hear some noises. You see here an uncursed dagger. Coco bites it. It thrusts its dagger at Coco. It misses Coco. Coco bites it. Coco misses it. Coco bites it. Coco misses it. Coco misses it. Coco bites it. Coco misses it. The yeti hits! The yeti hits again! The yeti bites! You miss the yeti. The yeti hits! The yeti hits again! You die... Do you want your possessions identified? [ynq] (y) y Do you want to see your attributes? [ynq] (y) y Do you want an account of creatures vanquished? [ynaq] (y) y Do you want to see your conduct and achievements? [ynq] (y) y Do you want to see the dungeon overview? [ynq] (y) y Inventory: Coins $ - 3975 gold pieces Weapons C - 11 uncursed +0 darts a - a blessed +1 mace (weapon in right hand) Armor c - a blessed +0 small shield (being worn) n - a cursed +0 cloak of magic resistance b - an uncursed +0 robe (being worn) Comestibles u - 2 uncursed cloves of garlic l - an uncursed cram ration o - a cursed cram ration f - an uncursed sprig of wolfsbane q - a cursed tripe ration D - 2 uncursed tins of soup made from hobbit meat i - 2 uncursed lichen corpses Scrolls k - an uncursed scroll of create monster v - 2 uncursed scrolls of destroy armor m - an uncursed scroll of food detection j - an uncursed scroll of magic mapping w - an uncursed scroll of scare monster Spellbooks g - an uncursed spellbook of detect monsters h - an uncursed spellbook of identify x - an uncursed spellbook of protection Potions A - an uncursed potion of healing F - an uncursed potion of monster detection y - an uncursed potion of restore ability d - 4 potions of holy water Rings r - a cursed ring of slow digestion z - an uncursed ring of stealth Wands t - a cursed wand of cancellation (0:1) B - an uncursed wand of digging (0:5) s - an uncursed wand of digging (0:2) Tools e - a cursed lock pick E - 7 uncursed tallow candles Elenmirie the Priestess's attributes: Background: You were an Acolyte, a level 5 human Priestess. You were neutral, nominally on a mission for Chih Sung-tzu who was opposed by Shan Lai Ching (lawful) and Huan Ti (chaotic). You were right-handed. You were in the Gnomish Mines, on level 5. You entered the dungeon 1310 turns ago. There was a new moon in effect when your adventure ended. You had 184 experience points, 136 more were needed to attain level 6. Basics: You had 0 out of 38 hit points. You had 66 out of 72 energy points (spell power). Your armor class was 7. Your wallet contained 3975 zorkmids. Autopickup was on for '$' plus thrown. Final Characteristics: Your strength was 10 (limit:18/100). Your dexterity was 14 (limit:18). Your constitution was 13 (limit:18). Your intelligence was 11 (limit:18). Your wisdom was 18 (limit:18). Your charisma was 9 (limit:18). Final Status: You weren't hungry. You were unencumbered. You were wielding a mace. You had basic skill with mace. Final Attributes: You were devoutly aligned. You were guarded. You are dead. Miscellaneous: You encountered 2 bones levels. Total elapsed playing time was 11 minutes and 44 seconds. Major events: Turn 1: elenmirie the neutral human Priestess entered the dungeon 761: entered the Gnomish Mines 797: attained the rank of Acolyte (level 3) 797: destroyed strathmeyer's ghost, the former Evoker 1177: reached Mine Town 1310: killed by a yeti Vanquished creatures: a ghost a small mimic a gnome leader 3 dwarves a hobbit a yellow mold 11 gnomes 2 jackals a kobold 2 goblins 3 sewer rats 4 grid bugs 3 lichens 4 newts 38 creatures vanquished. No species were genocided or became extinct. Voluntary challenges: You were an atheist. You were illiterate. You never engraved Elbereth. You never genocided any monsters. You never polymorphed an object. You never changed form. You used no wishes. Achievements: You entered the Gnomish Mines. You attained the rank of Acolyte. You entered Minetown. You entered a shop. The Dungeons of Doom: levels 1 to 2 Level 1: Level 2: An altar. Stairs down to The Gnomish Mines. The Gnomish Mines: levels 3 to 5 Level 3: A grave. Final resting place for strathmeyer-Wiz-Elf-Mal-Cha, killed by a sewer rat. Level 4: Level 5: <- You were here. A lighting shop, a fountain. Final resting place for you, killed by a yeti, ultra-Val-Dwa-Fem-Law, killed by a yeti. Game over: ---------- / \ / REST \ / IN \ / PEACE \ / \ | elenmirie | | 3975 Au | | killed by a yeti | | | | | | | | 2023 | *| * * * | * _________)/\\_//(\/(/\)/\//\/|_)_______ Goodbye elenmirie the Priestess... You died in The Gnomish Mines on dungeon level 5 with 4524 points, and 3975 pieces of gold, after 1310 moves. You were level 5 with a maximum of 38 hit points when you died.